cohdb
Replays
Latest Replays
All Replays
Popular Replays
Top Player Replays
Match Explorer
How It Works
Community
CoH3 Stats
Reddit
Sign in to upload your games and track your stats! →
Sign in with Steam
Match 46054182
Unlisted
Match 46054182
Overview
Messages
Build Orders
End
Vickers Machine Gun Team
Construct Section Command Post
Selects Heavy Armor Battlegroup
Infantry Section
ML 3-inch Mortar Team
Infantry Section
Grenade Package
Construct Platoon Command Post
Unlock Bishop Self-propelled Artillery
Selects Rigorous Vehicle Training
Construct Field Infirmary
Bishop Self-propelled Artillery
Infantry Training
6-pounder Anti-tank Gun Team
Light Vehicle Training
Team Weapon Training
CMP 15cwt Truck
Selects Light Vehicle Withdraw and Refit
Selects UNKNOWN (202330)
Construct Company Command Post
Crusader AA Medium Tank
Selects Recon Artillery
Armored Vehicle Training
Selects Forward Repair Assembly
Royal Engineer Section
Recon Artillery
Crusader II Medium Tank
CMP 15cwt Truck
Drunken Panda Style
Ambro
Master of Fips
potatoo
Hans Sturm DE
guludu
Elysia
Chunchill1007
0
0
Comments
sign in to comment!
No comments posted yet!